 Dungeon Crawl Stone Soup version 0.28.0-43-g3370ac3207 (webtiles) character file.

Game seed: 8147304030898886485

13899 tizbic2 the Archer (level 11, 0/99 HPs)
             Began as a Deep Elf Hunter on Mar 7, 2022.
             Was a High Priest of Okawaru.
             Slain by a seven-headed hydra (3 damage)
             ... on level 2 of the Lair of Beasts.
             The game lasted 01:15:08 (12424 turns).

tizbic2 the Archer (Deep Elf Hunter)               Turns: 12424, Time: 01:15:08

Health: 0/99       AC: 29    Str: 13    XL:     11   Next: 81%
Magic:  0/29       EV:  2    Int: 17    God:    Okawaru [*****.]
Gold:   590        SH:  0    Dex: 15    Spells: 20/20 levels left

rFire   . . .      SeeInvis .   a - +10 morningstar of Sunlight {protect, rF- rC+++ MP+9 Stlth+}
rCold   + + +      Faith    .   (no shield)
rNeg    . . .      Spirit   +   (armour currently unavailable)
rPois   +          Reflect  .   (helmet currently unavailable)
rElec   .          Harm     .   (cloak currently unavailable)
rCorr   .          Rampage  .   (gloves currently unavailable)
Will    +....      NoTele   +   (boots currently unavailable)
Stlth   +++++.....              r - amulet of guardian spirit
HPRegen 0.26/turn               M - +4 ring of protection
MPRegen 0.21/turn               g - ring "Tizeggui" {rF+ rC++ Slay+4}

@: tree-form, heroic
A: stationary, stasis, torment immunity, boosted hp, (horns 1), (fire resistance
1)
a: Renounce Religion, Heroism, Finesse, Duel


You were on level 2 of the Lair of Beasts.
You worshipped Okawaru.
Okawaru was extremely pleased with you.
You were a tree.
You visited 3 branches of the dungeon, and saw 14 of its levels.
You also visited: Ossuary.

You collected 1082 gold pieces.
You spent 492 gold pieces at shops.

Inventory:

Hand Weapons
 a - the +10 morningstar of Sunlight (weapon) {protect, rF- rC+++ MP+9 Stlth+}
   (You found it on level 11 of the Dungeon)

   It grants its wielder temporary protection when it strikes (+7 to AC).
   rF:        It makes you vulnerable to fire.
   rC:        It renders you almost immune to cold.
   MP:        It affects your magic capacity (+9).
   Stlth:     It makes you more stealthy.
 q - the +8 trident "Pount" {freeze, rPois Dex-3 Stlth+}
   (You bought it in a shop on level 10 of the Dungeon)

   It freezes those it strikes, dealing additional cold damage.
   It can also slow down cold-blooded creatures.
   Dex:       It affects your dexterity (-3).
   rPois:     It protects you from poison.
   Stlth:     It makes you more stealthy.
 s - a +2 dagger of flaming
 w - a +4 shortbow of venom
Missiles
 d - 238 arrows
 p - 318 stones
 u - 2 atropa-tipped darts
 C - 6 boomerangs (quivered)
Armour
 f - a +2 helmet of intelligence
 i - a +0 cloak (melded)
 j - +2 pearl dragon scales
 J - +0 swamp dragon scales
 K - the +2 robe of Good Intentions {Will+ rCorr Stlth-}
   (You bought it in a shop on level 9 of the Dungeon)

   rCorr:     It protects you from acid and corrosion.
   Will:      It increases your willpower.
   Stlth:     It makes you less stealthy.
 Q - the +3 scale mail "Anauvedu" (melded) {MP+9}
   (Okawaru gifted it to you on level 1 of the Lair of Beasts)

   MP:        It affects your magic capacity (+9).
Jewellery
 g - the ring "Tizeggui" (right branch) {rF+ rC++ Slay+4}
   (You acquired it on level 3 of the Dungeon)

   [ring of slaying]

   Slay:      It affects your accuracy & damage with ranged weapons and melee
   (+4).
   rF:        It protects you from fire.
   rC:        It greatly protects you from cold.
 o - a ring of flight
 r - an amulet of guardian spirit (around neck)
 I - a +6 ring of dexterity
 M - a +4 ring of protection (left branch)
 P - a ring of ice
 R - a +4 ring of evasion
Wands
 m - a wand of flame (36)
 t - a wand of paralysis (2)
 G - a wand of iceblast (23)
 O - a wand of acid (1)
Scrolls
 c - a scroll of vulnerability
 l - 10 scrolls of teleportation
 n - 2 scrolls of silence
 y - a scroll of fog
 B - 2 scrolls of torment
 E - a scroll of amnesia
 F - a scroll of immolation
 H - 2 scrolls of blinking
Potions
 b - a potion of cancellation {unknown}
 e - 2 potions of brilliance {unknown}
 h - a potion of lignification
 k - 3 potions of curing
 v - 2 potions of degeneration {unknown}
 x - 4 potions of might
 z - a potion of magic {unknown}
 A - a potion of flight {unknown}
 D - 2 potions of haste {unknown}
 L - a potion of ambrosia
 N - a potion of heal wounds {unknown}


   Skills:
 * Level 6.6(11.6) Fighting
 - Level 5.2(10.2) Short Blades
 - Level 4.9(9.9) Maces & Flails
 - Level 1.7(6.7) Polearms
 + Level 14.6(19.6) Bows
 - Level 0.8(5.8) Armour
 - Level 7.9(12.9) Dodging
 + Level 4.2(9.2) Stealth
 - Level 5.0 Spellcasting
 + Level 7.6 Invocations


You had 20 spell levels left.
You didn't know any spells.
Your spell library contained the following spells:

 Spells                   Type           Power      Damage    Failure   Level
 Apportation              Tloc           8%         N/A       14%         1
 Blink                    Tloc           8%         N/A       22%         2
 Lesser Beckoning         Tloc           4%         N/A       38%         3
 Alistair's Intoxication  Tmut/Pois      2%         N/A       98%         5
 Blade Hands              Tmut           2%         N/A       98%         5
 Manifold Assault         Tloc           4%         N/A       98%         5
 Eringya's Noxious Bog    Tmut/Pois      2%         N/A       100%        6
 Iron Shot                Conj/Erth      2%         9d2       100%        6
 Borgnjor's Revivificati  Necr           2%         N/A       100%        8
 Necromutation            Tmut/Necr      2%         N/A       100%        8
 Death's Door             Necr           2%         N/A       100%        9
 Summon Small Mammal      Summ           Unusable   N/A       N/A         1
 Call Canine Familiar     Summ           Unusable   N/A       N/A         3
 Summon Guardian Golem    Hex/Summ       Unusable   N/A       N/A         3
 Animate Armour           Summ/Erth      Unusable   N/A       N/A         4
 Summon Forest            Summ/Tloc      Unusable   N/A       N/A         5
 Summon Hydra             Summ           Unusable   N/A       N/A         7

Dungeon Overview and Level Annotations

Branches:
Dungeon (11/15)            Temple (1/1) D:7            Lair (2/6) D:11
    Orc (0/2) D:11        Ossuary (visited)
  Swamp: Lair:2-4    Shoals: Lair:2-4     Snake: Lair:2-4    Spider: Lair:2-4

Altars:
Ashenzari
Cheibriados
Dithmenos
Elyvilon
Fedhas
Gozag
Hepliaklqana
Kikubaaqudgha
Makhleb
Nemelex Xobeh
Okawaru
Qazlal
Ru
Sif Muna
Trog
Uskayaw
Vehumet
Wu Jian
Xom
Yredelemnul
Zin
The Shining One
Lugonu

Shops:
D:2 (   D:9 [   D:10 *

Portals:
Abyss: Lair:1


Innate Abilities, Weirdness & Mutations

You are a tree.
Your roots penetrate the ground, keeping you stationary.
You cannot be teleported.
You are immune to unholy pain and torment.
Your maximum health is greatly increased.
Your equipment is partially melded.
((You have a pair of small horns on your head.))
((Your flesh is heat resistant. (rF+)))


Message History

You feel less confused.
You start resting.
Your transformation is almost over.
Okawaru bids you farewell from the Arena.
You start resting.
You feel less wooden.
Your +0 cloak unmelds from your body.
The +3 scale mail "Anauvedu" {MP+9} unmelds from your body.
You are returned from the Arena.
Welcome back to the Lair of Beasts!
The seven-headed hydra barely misses you.
The seven-headed hydra bites you but does no damage. x2
The seven-headed hydra bites you!
* * * LOW HITPOINT WARNING * * *
The seven-headed hydra bites you.
* * * LOW HITPOINT WARNING * * *
The seven-headed hydra barely misses you.
The seven-headed hydra bites you!
* * * LOW HITPOINT WARNING * * *
The seven-headed hydra bites you but does no damage. x2
The seven-headed hydra bites you!
* * * LOW HITPOINT WARNING * * *
The seven-headed hydra bites you.
* * * LOW HITPOINT WARNING * * *
The seven-headed hydra closely misses you.
The seven-headed hydra bites you.
* * * LOW HITPOINT WARNING * * *
The seven-headed hydra bites you but does no damage.
Really quaff the potion of lignification?
You turn into a tree.
Your +0 cloak melds into your body.
The +3 scale mail "Anauvedu" {MP+9} melds into your body.
Your roots penetrate the ground.
The seven-headed hydra barely misses you.
The seven-headed hydra bites you but does no damage. x2
The seven-headed hydra bites you!
* * * LOW HITPOINT WARNING * * *
The seven-headed hydra bites you but does no damage. x3
You feel more confident with your borrowed prowess.
The seven-headed hydra bites you but does no damage. x4
The seven-headed hydra bites you.
You die...

#....# ######(..### .
#######P.#.....#.#..
##...........(...#...
#....................
###.......(..........
##..................
#...................
##.......♣......##..
#####.##D#..#### #.
#.##....#
####.......#
###.....#..P..
#.#....P#......
#.....###.....#
##....####[..#.
#.......... .


You could see a seven-headed hydra.

Vanquished Creatures
  A hydra (Arena)
  2 two-headed ogres
  An ugly thing (D:11)
  Joseph (D:8)
  Maggie (D:8)
  2 cane toads (Lair:1)
  An unseen horror (D:11)
  A rime drake (Lair:1)
  A troll (D:11)
  Grinder (D:4)
  7 blink frogs (Lair:1)
  5 spriggans (Lair:1)
  A wraith (D:10)
  A wyvern (D:8)
  A vampire (D:11)
  8 yaks
  2 steam dragons
  A basilisk (Lair:1)
  Menkaure (D:4)
  2 water moccasins (Lair:1)
  3 black bears
  A sky beast (D:6)
  8 orc warriors
  2 ice beasts
  A necrophage (D:7)
  3 wolves (Lair:2)
  3 ogres
  3 centaurs
  2 phantoms
  2 wyvern zombies
  4 bullfrogs
  3 scorpions
  6 killer bees (D:11)
  2 howler monkeys
  5 centaur zombies
  3 jellies
  3 hounds
  7 orc priests
  A gnoll shaman (D:7)
  2 centaur skeletons (D:6)
  Crazy Yiuf (D:2)
  A bullfrog skeleton (D:7)
  7 orc wizards
  Terence (D:3)
  An iguana (D:6)
  2 killer bee zombies
  2 mummies (Ossuary)
  A howler monkey zombie (D:6)
  Robin (D:2)
  6 gnolls
  5 adders
  2 white imps
  An ufetubus (D:4)
  2 adder skeletons (D:4)
  An adder zombie (D:5)
  A worm (D:2)
  4 dart slugs
  33 orcs
  3 endoplasms
  3 giant cockroaches
  4 gnoll zombies (Ossuary)
  15 goblins
  13 hobgoblins
  8 jackals
  5 kobolds
  4 quokkas
  A ball python (D:1)
  4 bats
  4 frilled lizards
  5 goblin zombies (Ossuary)
  4 hobgoblin zombies (Ossuary)
  An orc zombie (Ossuary)
  3 rats
254 creatures vanquished.

Vanquished Creatures (others)
  20 fungi
  A lurking horror (Lair:1)
  16 plants
37 creatures vanquished.

Grand Total: 291 creatures vanquished

Notes
Turn   | Place    | Note
-------+----------+-------------------------------------------
     0 | D:1      | tizbic2 the Deep Elf Hunter began the quest for the Orb.
     0 | D:1      | Reached XP level 1. HP: 12/12 MP: 3/3
   116 | D:1      | Found a faded altar of an unknown god.
   130 | D:1      | Reached XP level 2. HP: 11/17 MP: 4/4
   447 | D:1      | Reached skill level 6 in Bows
   764 | D:2      | Reached XP level 3. HP: 16/21 MP: 5/5
  1260 | D:2      | Reached skill level 7 in Bows
  1380 | D:2      | Found Guiteres's Weapon Shop.
  1463 | D:2      | Found a runed translucent door.
  1464 | D:2      | Noticed Crazy Yiuf
  1579 | D:2      | Reached XP level 4. HP: 26/26 MP: 6/6
  1635 | D:2      | Noticed Robin
  1662 | D:2      | Killed Robin
  1934 | D:2      | Killed Crazy Yiuf
  1935 | D:2      | Reached skill level 8 in Bows
  2277 | D:3      | Noticed Terence
  2284 | D:3      | Killed Terence
  2285 | D:3      | Reached XP level 5. HP: 30/30 MP: 7/7
  2508 | D:3      | Identified a scroll of acquirement
  2513 | D:3      | Acquired the ring "Tizeggui" {rF+ rC++ Slay+4}
  3238 | D:4      | Noticed a phantom
  3239 | D:4      | Reached skill level 9 in Bows
  3246 | D:4      | Killed a phantom
  3247 | D:4      | Reached XP level 6. HP: 32/35 MP: 6/8
  3438 | D:4      | Reached skill level 10 in Bows
  3485 | D:4      | Noticed Grinder
  3492 | D:4      | Paralysed by Grinder for 3 turns
  3494 | D:4      | Noticed Menkaure
  3503 | D:4      | Killed Grinder
  3504 | D:4      | Reached skill level 11 in Bows
  3504 | D:4      | Reached XP level 7. HP: 28/39 MP: 7/9
  3509 | D:4      | Killed Menkaure
  3536 | D:4      | Found a sand-covered staircase.
  3589 | Ossuary  | Entered an ossuary
  3986 | D:4      | Reached skill level 12 in Bows
  4236 | D:5      | Entered Level 5 of the Dungeon
  4350 | D:5      | Reached XP level 8. HP: 44/44 MP: 10/10
  4787 | D:6      | Found an opulent altar of Gozag.
  4811 | D:6      | Reached skill level 1 in Spellcasting
  4941 | D:6      | Reached skill level 13 in Bows
  5964 | D:7      | Reached skill level 5 in Spellcasting
  6000 | D:7      | Found a staircase to the Ecumenical Temple.
  6014 | Temple   | Entered the Ecumenical Temple
  6433 | Temple   | Became a worshipper of Warmaster Okawaru
  6504 | D:7      | Reached skill level 1 in Short Blades
  6504 | D:7      | Reached XP level 9. HP: 51/51 MP: 18/18
  6589 | D:7      | Found a shimmering blue altar of Sif Muna.
  6934 | D:8      | Noticed Maggie
  7296 | D:8      | Reached * piety under Okawaru
  7332 | D:8      | Noticed Joseph
  7361 | D:8      | Killed Joseph
  7438 | D:8      | Reached skill level 14 in Bows
  7701 | D:8      | Killed Maggie
  7702 | D:8      | Reached skill level 5 in Short Blades
  8065 | D:9      | Found Gusyrr's Antique Armour Emporium.
  8090 | D:9      | Bought a warped robe for 108 gold pieces
  8090 | D:9      | Identified the +2 robe of Good Intentions {Will+ rCorr
                  | Stlth-} (You bought it in a shop on level 9 of the Dungeon)
  8167 | D:9      | Reached ** piety under Okawaru
  8168 | D:9      | Reached skill level 5 in Dodging
  8168 | D:9      | Reached skill level 1 in Invocations
  8362 | D:9      | Reached XP level 10. HP: 34/58 MP: 10/19
  8522 | D:9      | Gained mutation: You are partially covered in iridescent
                  | scales. (AC +2) [potion of mutation]
  8522 | D:9      | Gained mutation: You are robust. (+10% HP) [potion of
                  | mutation]
  8587 | D:9      | Lost mutation: You are robust. (+10% HP) [potion of
                  | mutation]
  8587 | D:9      | Lost mutation: You are partially covered in iridescent
                  | scales. (AC +2) [potion of mutation]
  8587 | D:9      | Gained mutation: Your body sometimes deteriorates upon
                  | taking damage. [potion of mutation]
  8588 | D:9      | Lost mutation: Your body sometimes deteriorates upon taking
                  | damage. [potion of mutation]
  8588 | D:9      | Gained mutation: You have hidden genetic defects. [potion
                  | of mutation]
  8588 | D:9      | Gained mutation: Your movements are slightly less
                  | encumbered by armour. (ER -2) [potion of mutation]
  8589 | D:9      | Lost mutation: Your movements are slightly less encumbered
                  | by armour. (ER -2) [potion of mutation]
  8589 | D:9      | Lost mutation: You have hidden genetic defects. [potion of
                  | mutation]
  8589 | D:9      | Gained mutation: Your flesh is heat resistant. (rF+)
                  | [potion of mutation]
  8589 | D:9      | Gained mutation: You have a pair of small horns on your
                  | head. [potion of mutation]
  8847 | D:10     | Entered Level 10 of the Dungeon
  9111 | D:10     | Reached skill level 5 in Fighting
  9257 | D:10     | Noticed a two-headed ogre
  9269 | D:10     | Killed a two-headed ogre
  9269 | D:10     | Reached *** piety under Okawaru
  9461 | D:10     | Found Gennonn's Assorted Antiques.
  9464 | D:10     | Bought a scroll of enchant weapon for 180 gold pieces
  9464 | D:10     | Bought a crystal trident for 204 gold pieces
  9464 | D:10     | Identified the +8 trident "Pount" {freeze, rPois Dex-3
                  | Stlth+} (You bought it in a shop on level 10 of the
                  | Dungeon)
  9555 | D:10     | Received a gift from Okawaru
  9840 | D:10     | Reached skill level 1 in Polearms
 10217 | D:11     | Identified the +10 morningstar of Sunlight {protect, rF-
                  | rC+++ MP+9 Stlth+}
 10236 | D:11     | Reached skill level 1 in Maces & Flails
 10436 | D:11     | Reached **** piety under Okawaru
 10446 | D:11     | Noticed a white ugly thing
 10455 | D:11     | Killed a white ugly thing
 10456 | D:11     | Reached skill level 5 in Invocations
 10501 | D:11     | Found a staircase to the Lair.
 10575 | D:11     | Reached XP level 11. HP: 64/64 MP: 17/20
 10727 | D:11     | Found a staircase to the Orcish Mines.
 10798 | D:11     | Noticed a two-headed ogre
 10810 | D:11     | Killed a two-headed ogre
 10810 | D:11     | Received a gift from Okawaru
 10810 | D:11     | Reached ***** piety under Okawaru
 11128 | Lair:1   | Entered Level 1 of the Lair of Beasts
 11128 | Lair:1   | Found a corrupted altar of Lugonu.
 11136 | Lair:1   | Found a one-way gate to the infinite horrors of the Abyss.
 11569 | Lair:1   | Received a gift from Okawaru
 11703 | Lair:1   | Received a gift from Okawaru
 12025 | Lair:1   | Identified the +3 scale mail "Anauvedu" {MP+9} (Okawaru
                  | gifted it to you on level 1 of the Lair of Beasts)
 12025 | Lair:1   | Received a gift from Okawaru
 12370 | Lair:2   | Noticed a four-headed hydra
 12371 | Lair:2   | Noticed a seven-headed hydra
 12394 | Arena    | Entered the Arena
 12399 | Arena    | HP: 2/99 [four-headed hydra (8)]
 12401 | Arena    | Killed a four-headed hydra
 12423 | Lair:2   | HP: 3/99 [seven-headed hydra (6)]
 12424 | Lair:2   | Slain by a seven-headed hydra

Illustrated notes

Levels and vault maps discovered:
D:1:      shiori_arrival_oz, layout_basic, hellmonk_ecumenical_altar_lost_god
D:2:      layout_basic, serial_shops, shop, kennysheep_generic_room_2,
          uniq_crazy_yiuf_cottage, uniq_robin
D:3:      layout_loops_corners, hangedman_abyss_or_decor_stabs, uniq_terence
D:4:      layout_loops_ring, chequers_ossuary_entry_cave, uniq_menkaure,
          uniq_grinder
D:5:      old_forge, layout_basic
D:6:      layout_basic, mainiacjoe_overflow_concentric_impassable
D:7:      layout_basic, mainiacjoe_overflow_surrounded_room, temple_pool_b,
          minivault_22
D:8:      layout_rooms, uniq_maggie, uniq_joseph
D:9:      layout_irregular_city, serial_shops, shop_coins
D:10:     layout_irregular_city, serial_shops, nicolae_shop_behind_doors
D:11:     layout_roguey, grunt_lair_entry_orc_guard_hut, orc_0_dummy,
          minivault_21, nicolae_elevator_lobby_plus
Temple:   mainiacjoe_temple_big_plus
Lair:1:   kb_forest_paths, layout_regular_city, amcnicky_altar_lugonu_corruption
Lair:2:   layout_gridlike, serial_bayou_pond_c

Skill      XL: |  1  2  3  4  5  6  7  8  9 10 11 |
---------------+----------------------------------+-----
Bows           | 6 7 8 9 11 12 13 14 | 14.6
Fighting       | 3 4 5 6 |  6.6
Dodging        | 4 5 7 |  7.9
Spellcasting   | 5 |  5.0
Short Blades   | 1 5 |  5.2
Invocations    | 1 5 7 |  7.6
Polearms       | 1 |  1.7
Maces & Flails | 3 4 |  4.9
Stealth        | 4 |  4.2
Armour         | |  0.8

Action                   |  1- 3 |  4- 6 |  7- 9 | 10-12 || total
-------------------------+-------+-------+-------+-------++-------
Melee: Short sword       |     4 |       |       |       ||     4
       Dagger            |    37 |    12 |    79 |    36 ||   164
       Quarterstaff      |       |     5 |    46 |       ||    51
       Trident           |       |       |       |    22 ||    22
       Morningstar       |       |       |       |    40 ||    40
       Headbutt          |       |       |       |    18 ||    18
       Punch             |       |       |       |     2 ||     2
 Fire: Shortbow          |    95 |   153 |   222 |   248 ||   718
Throw: Stone             |       |       |    14 |       ||    14
       Boomerang         |       |       |    14 |       ||    14
Invok: Heroism           |       |       |       |     5 ||     5
       Duel              |       |       |       |     1 ||     1
Evoke: Wand              |       |       |     6 |     2 ||     8
  Use: Scroll            |     6 |     4 |     9 |     6 ||    25
       Potion            |       |       |     1 |     9 ||    10
 Stab: Paralysed         |       |       |     2 |       ||     2
Armor: Chain mail        |    32 |       |       |       ||    32
       Pearl dragon scal |    10 |    67 |   106 |    88 ||   271
       Scale mail        |       |       |       |    25 ||    25
       Skin              |       |       |       |    24 ||    24
Dodge: Dodged            |    27 |    41 |    70 |    88 ||   226
